MONTREAL AXION vs QUEBEC NATIONAL
Created - 29 octobre 2025 at 06:48
Goals
|
| MONTREAL AXION |
0 |
0 |
1 |
1 |
| QUEBEC NATIONAL |
3 |
1 |
0 |
4 |
|
Shots
|
| MONTREAL AXION |
7 |
14 |
11 |
32 |
| QUEBEC NATIONAL |
14 |
11 |
16 |
41 |
|
1st period
1. QUEBEC NATIONAL , Jack Thompson 1 (Ville Ottavainen 3, Tye Kartye 3) at 7:59
2. QUEBEC NATIONAL , Hunter McKown 4 (Luca Cagnoni 5) at 8:56
3. QUEBEC NATIONAL , Oliver Wahlstrom 2 (Brayden Pachal 2, Tye Kartye 4) at 16:41
Penalties :
Nils Lundkvist (QUE) for Holding (Minor) at 1:38, Tye Kartye (QUE) for Charging (Minor) at 4:46, Paul Cotter (QUE) for Hooking (Minor) at 9:21, Paul Cotter (QUE) for Hooking (Minor) at 17:04
2nd period
4. QUEBEC NATIONAL , Brayden Pachal 1 (Tye Kartye 5, Oliver Wahlstrom 5) at 8:18 (PP)
Penalties :
Isaak Phillips (MTL) for High sticking (Minor) at 8:00, Ville Ottavainen (QUE) for Goalie Interference (Minor) at 18:03
3rd period
5. MONTREAL AXION , Mike Hardman 4 (Cavan Fitzgerald 3, Mathias Laferriere 4) at 1:35
Penalties :
Aaron Ness (MTL) for Roughing (Minor) at 0:33, Tye Kartye (QUE) for Cross-checking (Minor) at 1:25, Ville Ottavainen (QUE) for Slashing (Minor) at 4:11, Jack Matier (MTL) for Delaying the game (Minor) at 6:19, Brayden Pachal (QUE) for Hooking (Minor) at 14:46, Max McCue (MTL) for Hooking (Minor) at 17:47
Goalie Stats
Adam Scheel (MTL), 14 saves from 18 shots - (0,778), L, 0-5-2, 28:18 minutes
Damian Clara (MTL), 23 saves from 23 shots - (1,000), 31:42 minutes
Yaroslav Askarov (QUE), 31 saves from 32 shots - (0,969), W, 4-1-0, 60:00 minutes
Players Stats for MONTREAL AXION
Player Name G A P +/- PIM S H SB GA TA FO MP PP MP PK MP
------------------------------------------------------------------------------------
Aaron Ness 0 0 0 0 2 1 0 0 0 0 0/0 11:34 0:52 0:07
Aku Raty 0 0 0 -2 0 1 0 0 0 0 5/14 18:16 2:20 1:19
Alexander Petrovic 0 0 0 1 0 0 5 0 0 0 0/0 23:50 6:22 1:14
Brandon Hickey 0 0 0 0 0 0 0 0 0 0 0/0 0:02 0:02 0:00
Cavan Fitzgerald 0 1 1 -1 0 0 0 1 0 0 0/0 23:57 8:15 3:05
Isaak Phillips 0 0 0 -1 2 1 1 0 0 0 0/0 12:43 0:00 1:56
Jack Matier 0 0 0 0 2 0 0 0 0 0 0/0 6:32 0:00 0:00
Jalen Luypen 0 0 0 -1 0 1 0 0 0 0 8/17 27:45 6:43 2:42
Luke Henman 0 0 0 -1 0 1 0 0 0 0 7/11 16:25 7:13 1:03
Mathias Laferriere 0 1 1 -1 0 5 3 0 0 0 3/4 27:09 6:42 1:23
Matthew Kessel 0 0 0 -1 0 1 3 3 0 0 0/0 18:12 6:17 1:07
Max McCue 0 0 0 -1 2 0 0 0 0 0 0/0 11:10 0:00 0:00
Mike Hardman 1 0 1 1 0 7 0 1 0 0 3/3 18:25 7:30 0:00
Nolan Foote 0 0 0 0 0 1 0 0 0 0 0/0 1:17 0:02 0:00
Parker Bell 0 0 0 -1 0 2 0 0 0 0 8/11 11:11 0:00 0:00
Reid Schaefer 0 0 0 -1 0 2 1 0 0 0 2/3 22:41 6:15 1:23
Samuel Helenius 0 0 0 0 0 5 2 0 0 0 14/21 19:25 7:30 2:26
Tyson Barrie 0 0 0 -2 0 4 1 2 0 0 0/0 23:07 7:42 2:47
Players Stats for QUEBEC NATIONAL
Player Name G A P +/- PIM S H SB GA TA FO MP PP MP PK MP
------------------------------------------------------------------------------------
Adam Beckman 0 0 0 1 0 2 1 0 0 0 1/1 14:59 1:03 0:00
Brayden Pachal 1 1 2 1 2 2 4 3 0 0 0/0 22:00 3:07 5:52
Caedan Bankier 0 0 0 0 0 0 0 0 0 0 0/0 1:24 0:00 1:24
Collin Graf 0 0 0 -1 0 12 1 0 0 0 4/7 25:14 2:55 8:53
Hunter McKown 1 0 1 1 0 1 0 0 0 0 5/13 13:56 0:00 0:00
Jack Thompson 1 0 1 0 0 2 0 3 0 0 0/0 22:43 1:37 7:22
Luca Cagnoni 0 1 1 1 0 0 1 0 0 0 0/0 14:36 0:41 0:18
Luke Toporowski 0 0 0 0 0 0 0 0 0 0 0/0 3:05 0:00 0:00
Michael Carcone 0 0 0 0 0 1 0 0 0 0 2/7 18:11 1:52 5:33
Nils Lundkvist 0 0 0 1 2 0 2 0 0 0 0/0 17:48 0:24 4:04
Oliver Wahlstrom 1 1 2 2 0 5 2 1 0 0 0/0 20:49 2:13 5:51
Paul Cotter 0 0 0 -1 4 5 8 1 0 0 13/31 21:53 2:55 5:34
Samuel Fagemo 0 0 0 1 0 3 0 0 0 0 1/3 16:11 0:00 2:15
Samuel Johannesson 0 0 0 0 0 0 0 0 0 0 0/0 0:00 0:00 0:00
Troy Stecher 0 0 0 1 0 1 1 0 0 0 0/0 22:41 2:50 7:05
Tye Kartye 0 3 3 2 4 5 5 0 0 0 8/22 14:10 2:12 0:00
Ville Ottavainen 0 1 1 0 4 2 2 2 0 0 0/0 20:08 1:37 4:49
William Stromgren 0 0 0 2 0 0 0 0 0 0 0/0 14:12 2:13 0:00
3 Stars
1 - Oliver Wahlstrom (QUE)
2 - Brayden Pachal (QUE)
3 - Yaroslav Askarov (QUE)
Power Play
MONTREAL AXION - 0 on 8 Attempt(s) - 0,00%
QUEBEC NATIONAL - 1 on 4 Attempt(s) - 25,00%
Penalty Kill
MONTREAL AXION - 3 on 4 Attempt(s) - 75,00%
- Score 0 goal in Penalty Kill
QUEBEC NATIONAL - 8 on 8 Attempt(s) - 100,00%
- Score 0 goal in Penalty Kill
Team Stat
MONTREAL AXION - Hits : 16 - Faceoff Wins : 50 - Blocked Shots : 7 - Penalty Minutes : 8
QUEBEC NATIONAL - Hits : 27 - Faceoff Wins : 34 - Blocked Shots : 10 - Penalty Minutes : 16
Official
Referees : Pierre Lambert and Jim Curtin
Linesman : Jesse Marquis and David Brisebois
Game Notes
Damian Clara enters game at 8:18 of 2nd period
MONTREAL AXION
5 vs 5 Forward
Center Left Wing Right Wing Time % Phy DF OF
1 Samuel Helenius Reid Schaefer Mike Hardman 36 1 2 2
2 Aku Raty Jalen Luypen Mathias Laferriere 31 1 2 2
3 Jalen Luypen Mathias Laferriere Luke Henman 23 1 2 2
4 Parker Bell Reid Schaefer Max McCue 10 1 2 2
5 vs 5 Defense
Defense Defense Time % Phy DF OF
1 Tyson Barrie Cavan Fitzgerald 36 1 2 2
2 Alexander Petrovic Aaron Ness 31 1 2 2
3 Jack Matier Alexander Petrovic 23 1 2 2
4 Matthew Kessel Isaak Phillips 10 1 2 2
PowerPlay Forward
Center Left Wing Right Wing Time % Phy DF OF
1 Samuel Helenius Reid Schaefer Mike Hardman 55 1 2 2
2 Luke Henman Jalen Luypen Mathias Laferriere 45 1 2 2
PowerPlay Defense
Defense Defense Time % Phy DF OF
1 Tyson Barrie Cavan Fitzgerald 55 1 2 2
2 Alexander Petrovic Matthew Kessel 45 1 2 2
Penalty Kill 4 Players Forward
Center Wing Time % Phy DF OF
1 Jalen Luypen Samuel Helenius 55 1 2 2
2 Mathias Laferriere Reid Schaefer 45 1 2 2
Penalty Kill 4 Players Defense
Defense Defense Time % Phy DF OF
1 Cavan Fitzgerald Tyson Barrie 55 1 2 2
2 Alexander Petrovic Isaak Phillips 45 1 2 2
Penalty Kill - 3 Players Forward
Forward Time % Phy DF OF
1 Reid Schaefer 55 1 2 2
2 Samuel Helenius 45 1 2 2
Penalty Kill - 3 Players Defense
Defense Defense Time % Phy DF OF
1 Cavan Fitzgerald Jack Matier 55 1 2 2
2 Alexander Petrovic Tyson Barrie 45 1 2 2
4 vs 4 Forward
Center Wing Time % Phy DF OF
1 Mathias Laferriere Mike Hardman 55 1 2 2
2 Jalen Luypen Reid Schaefer 45 1 2 2
4 vs 4 Defense
Defense Defense Time % Phy DF OF
1 Tyson Barrie Aaron Ness 55 1 2 2
2 Alexander Petrovic Cavan Fitzgerald 45 1 2 2
Last Minutes Offensive
Center Left Wing Right Wing Defense Defense
Samuel Helenius Reid Schaefer Mike Hardman Tyson Barrie Cavan Fitzgerald
Last Minutes Defensive
Center Left Wing Right Wing Defense Defense
Samuel Helenius Reid Schaefer Mike Hardman Tyson Barrie Cavan Fitzgerald
Goaltenders
Starting : Adam Scheel
Backup : Damian Clara
Extra Forwards
Normal : Reid Schaefer, Mike Hardman, Jalen Luypen - PP : Reid Schaefer, Mathias Laferriere - PK : Reid Schaefer
Extra Defensemen
Normal : Aaron Ness, Jack Matier, Alexander Petrovic - PP : Alexander Petrovic - PK : Matthew Kessel, Alexander Petrovic
Penalty Shots
Mike Hardman, Jalen Luypen, Mathias Laferriere, Reid Schaefer, Aku Raty
Scratches
Connor Clattenburg (Healthy), Josh Bloom (Healthy), Miko Matikka (Healthy)
QUEBEC NATIONAL
5 vs 5 Forward
Center Left Wing Right Wing Time % Phy DF OF
1 Paul Cotter Michael Carcone Collin Graf 36 1 2 2
2 Tye Kartye Oliver Wahlstrom William Stromgren 31 1 2 2
3 Hunter McKown Adam Beckman Samuel Fagemo 23 1 2 2
4 Collin Graf Luke Toporowski Paul Cotter 10 1 2 2
5 vs 5 Defense
Defense Defense Time % Phy DF OF
1 Brayden Pachal Troy Stecher 36 1 2 2
2 Ville Ottavainen Jack Thompson 31 1 2 2
3 Luca Cagnoni Nils Lundkvist 23 1 2 2
4 Brayden Pachal Troy Stecher 10 1 2 2
PowerPlay Forward
Center Left Wing Right Wing Time % Phy DF OF
1 Paul Cotter Michael Carcone Collin Graf 55 1 2 2
2 Tye Kartye Oliver Wahlstrom William Stromgren 45 1 2 2
PowerPlay Defense
Defense Defense Time % Phy DF OF
1 Brayden Pachal Troy Stecher 55 1 2 2
2 Ville Ottavainen Jack Thompson 45 1 2 2
Penalty Kill 4 Players Forward
Center Wing Time % Phy DF OF
1 Paul Cotter Collin Graf 55 1 2 2
2 Michael Carcone Oliver Wahlstrom 45 1 2 2
Penalty Kill 4 Players Defense
Defense Defense Time % Phy DF OF
1 Brayden Pachal Troy Stecher 55 1 2 2
2 Ville Ottavainen Jack Thompson 45 1 2 2
Penalty Kill - 3 Players Forward
Forward Time % Phy DF OF
1 Paul Cotter 55 1 2 2
2 Collin Graf 45 1 2 2
Penalty Kill - 3 Players Defense
Defense Defense Time % Phy DF OF
1 Brayden Pachal Troy Stecher 55 1 2 2
2 Ville Ottavainen Jack Thompson 45 1 2 2
4 vs 4 Forward
Center Wing Time % Phy DF OF
1 Paul Cotter Collin Graf 55 1 2 2
2 Michael Carcone Oliver Wahlstrom 45 1 2 2
4 vs 4 Defense
Defense Defense Time % Phy DF OF
1 Brayden Pachal Troy Stecher 55 1 2 2
2 Ville Ottavainen Jack Thompson 45 1 2 2
Last Minutes Offensive
Center Left Wing Right Wing Defense Defense
Paul Cotter Michael Carcone Collin Graf Brayden Pachal Troy Stecher
Last Minutes Defensive
Center Left Wing Right Wing Defense Defense
Paul Cotter Michael Carcone Collin Graf Brayden Pachal Troy Stecher
Goaltenders
Starting : Yaroslav Askarov
Backup : Carl Lindbom
Extra Forwards
Normal : Paul Cotter, Adam Beckman, Samuel Fagemo - PP : Collin Graf, Adam Beckman - PK : Samuel Fagemo
Extra Defensemen
Normal : Luca Cagnoni, Nils Lundkvist, Ville Ottavainen - PP : Luca Cagnoni - PK : Nils Lundkvist, Ville Ottavainen
Penalty Shots
Paul Cotter, Collin Graf, Michael Carcone, Oliver Wahlstrom, Tye Kartye
Scratches
Eetu Liukas (Healthy), Aleksandr Kisakov (Healthy), Arshdeep Bains (Healthy), Kieron Walton (Healthy), Oliver Kapanen (Healthy)
Owen Beck (Healthy), Matthew Maggio (Healthy), Carter George (Healthy)
% Time on Ice - MONTREAL AXION
Lines # - Real PCT - Wanted PCT - Time Play
Normal Forward
1 - 24% - 36% - 9:29
2 - 26% - 31% - 10:11
3 - 21% - 23% - 8:09
4 - 29% - 10% - 11:11
Normal Defense
1 - 31% - 36% - 12:04
2 - 26% - 31% - 10:09
3 - 15% - 23% - 5:59
4 - 28% - 10% - 10:48
PP Forward
1 - 51% - 55% - 7:32
2 - 49% - 45% - 7:13
PP Defense
1 - 56% - 55% - 8:15
2 - 44% - 45% - 6:30
PK Forward
1 - 73% - 55% - 3:45
2 - 27% - 45% - 1:23
PK Defense
1 - 60% - 55% - 3:05
2 - 40% - 45% - 2:03
PK3 Forward
1 - 0% - 55%
2 - 0% - 45%
PK3 Defense
1 - 0% - 55%
2 - 0% - 45%
44 Forward
1 - 66% - 55% - 0:44
2 - 34% - 45% - 0:23
44 Defense
1 - 51% - 55% - 0:34
2 - 49% - 45% - 0:33
Last Minute Offensive - 0:00
Last Minute Defensive - 0:00
Total
Forward - 60:00
Defense - 60:00
|
% Time on Ice - QUEBEC NATIONAL
Lines # - Real PCT - Wanted PCT - Time Play
Normal Forward
1 - 26% - 36% - 10:00
2 - 31% - 31% - 11:59
3 - 36% - 23% - 13:56
4 - 8% - 10% - 3:05
Normal Defense
1 - 32% - 36% - 12:27
2 - 33% - 31% - 12:48
3 - 35% - 23% - 13:37
4 - 0% - 10% - 0:08
PP Forward
1 - 57% - 55% - 2:55
2 - 43% - 45% - 2:13
PP Defense
1 - 69% - 55% - 3:31
2 - 31% - 45% - 1:37
PK Forward
1 - 60% - 55% - 8:54
2 - 40% - 45% - 5:51
PK Defense
1 - 48% - 55% - 7:05
2 - 52% - 45% - 7:40
PK3 Forward
1 - 0% - 55%
2 - 0% - 45%
PK3 Defense
1 - 0% - 55%
2 - 0% - 45%
44 Forward
1 - 31% - 55% - 0:21
2 - 69% - 45% - 0:46
44 Defense
1 - 16% - 55% - 0:11
2 - 84% - 45% - 0:56
Last Minute Offensive - 0:00
Last Minute Defensive - 0:00
Total
Forward - 60:00
Defense - 60:00
|
Play-by-Play
1st period
0:01 of 1st period - Samuel Helenius wins face-off versus Paul Cotter in neutral zone.
0:19 of 1st period - Off-side.
0:20 of 1st period - Tye Kartye wins face-off versus Aku Raty in neutral zone.
0:58 of 1st period - Aku Raty is hit by Tye Kartye and loses puck.
1:38 of 1st period - Minor Penalty to Nils Lundkvist for Holding.
1:39 of 1st period - Paul Cotter wins face-off versus Samuel Helenius in QUEBEC NATIONAL zone.
3:00 of 1st period - Shot by Jalen Luypen.
3:00 of 1st period - Stopped by Yaroslav Askarov without a rebound.
3:01 of 1st period - Luke Henman wins face-off versus Michael Carcone in QUEBEC NATIONAL zone.
3:06 of 1st period - Shot by Tyson Barrie.
3:06 of 1st period - Stopped by Yaroslav Askarov without a rebound.
3:07 of 1st period - Luke Henman wins face-off versus Michael Carcone in QUEBEC NATIONAL zone.
3:40 of 1st period - Shot by Mathias Laferriere.
3:40 of 1st period - Deflect By Parker Bell.
3:40 of 1st period - Stopped by Yaroslav Askarov without a rebound.
3:41 of 1st period - Samuel Helenius wins face-off versus Hunter McKown in QUEBEC NATIONAL zone.
3:41 of 1st period - Samuel Helenius is hit by Luca Cagnoni.
3:52 of 1st period - Samuel Helenius is hit by Nils Lundkvist and loses puck.
4:11 of 1st period - Shot by Samuel Fagemo.
4:11 of 1st period - Stopped by Adam Scheel without a rebound.
4:12 of 1st period - Aku Raty wins face-off versus Paul Cotter in MONTREAL AXION zone.
4:12 of 1st period - Aku Raty is hit by Paul Cotter.
4:19 of 1st period - Shot by Michael Carcone.
4:19 of 1st period - Shot Misses the Net.
4:27 of 1st period - Shot by Paul Cotter.
4:27 of 1st period - Deflect By Michael Carcone.
4:27 of 1st period - Shot Blocked by Matthew Kessel.
4:29 of 1st period - Shot by Paul Cotter.
4:29 of 1st period - Stopped by Adam Scheel with a rebound.
4:41 of 1st period - Shot by Collin Graf.
4:41 of 1st period - Stopped by Adam Scheel with a rebound.
4:46 of 1st period - Minor Penalty to Tye Kartye for Charging.
4:47 of 1st period - Samuel Helenius wins face-off versus Michael Carcone in QUEBEC NATIONAL zone.
6:07 of 1st period - Mike Hardman is hit by Collin Graf and loses puck.
7:41 of 1st period - Shot by Isaak Phillips.
7:41 of 1st period - Shot Blocked by Ville Ottavainen.
7:57 of 1st period - Shot by Ville Ottavainen.
7:57 of 1st period - Shot Misses the Net.
7:59 of 1st period - Shot by Jack Thompson.
7:59 of 1st period - Goal by Jack Thompson - MONTREAL AXION : 0 - QUEBEC NATIONAL : 1.
8:00 of 1st period - Paul Cotter wins face-off versus Aku Raty in neutral zone.
8:07 of 1st period - Shot by Collin Graf.
8:07 of 1st period - Shot Misses the Net.
8:14 of 1st period - Tyson Barrie is hit by Brayden Pachal and loses puck.
8:20 of 1st period - Mathias Laferriere is hit by Brayden Pachal.
8:44 of 1st period - Shot by Adam Beckman.
8:44 of 1st period - Shot Blocked by Tyson Barrie.
8:56 of 1st period - Shot by Hunter McKown.
8:56 of 1st period - Goal by Hunter McKown - MONTREAL AXION : 0 - QUEBEC NATIONAL : 2.
8:57 of 1st period - Tye Kartye wins face-off versus Samuel Helenius in neutral zone.
9:08 of 1st period - Shot by Tye Kartye.
9:08 of 1st period - Stopped by Adam Scheel with a rebound.
9:10 of 1st period - Shot by Tye Kartye.
9:10 of 1st period - Deflect By Oliver Wahlstrom.
9:10 of 1st period - Shot Misses the Net.
9:12 of 1st period - Shot by Oliver Wahlstrom.
9:12 of 1st period - Stopped by Adam Scheel without a rebound.
9:13 of 1st period - Collin Graf wins face-off versus Jalen Luypen in MONTREAL AXION zone.
9:18 of 1st period - Shot by Collin Graf.
9:18 of 1st period - Shot Misses the Net.
9:21 of 1st period - Minor Penalty to Paul Cotter for Hooking.
9:22 of 1st period - Samuel Helenius wins face-off versus Collin Graf in QUEBEC NATIONAL zone.
10:37 of 1st period - Shot by Tyson Barrie.
10:37 of 1st period - Shot Misses the Net.
10:39 of 1st period - Shot by Jalen Luypen.
10:39 of 1st period - Shot Misses the Net.
11:36 of 1st period - Shot by Max McCue.
11:36 of 1st period - Deflect By Aku Raty.
11:36 of 1st period - Stopped by Yaroslav Askarov without a rebound.
11:37 of 1st period - Parker Bell wins face-off versus Tye Kartye in QUEBEC NATIONAL zone.
12:17 of 1st period - Max McCue is hit by Ville Ottavainen and loses puck.
13:14 of 1st period - Icing by Brayden Pachal.
13:15 of 1st period - Luke Henman wins face-off versus Paul Cotter in QUEBEC NATIONAL zone.
13:42 of 1st period - Shot by Tye Kartye.
13:42 of 1st period - Shot Misses the Net.
13:44 of 1st period - Shot by Oliver Wahlstrom.
13:44 of 1st period - Stopped by Adam Scheel without a rebound.
13:45 of 1st period - Parker Bell wins face-off versus Hunter McKown in MONTREAL AXION zone.
13:45 of 1st period - Parker Bell is hit by Adam Beckman.
15:23 of 1st period - Paul Cotter is hit by Tyson Barrie and loses puck.
15:28 of 1st period - Shot by Collin Graf.
15:28 of 1st period - Shot Blocked by Tyson Barrie.
15:30 of 1st period - Shot by Paul Cotter.
15:30 of 1st period - Stopped by Adam Scheel without a rebound.
15:31 of 1st period - Jalen Luypen wins face-off versus Hunter McKown in MONTREAL AXION zone.
16:05 of 1st period - Shot by Luke Henman.
16:05 of 1st period - Stopped by Yaroslav Askarov without a rebound.
16:06 of 1st period - Paul Cotter wins face-off versus Aku Raty in QUEBEC NATIONAL zone.
16:11 of 1st period - Tyson Barrie is hit by Paul Cotter.
16:17 of 1st period - Shot by Paul Cotter.
16:17 of 1st period - Deflect By Collin Graf.
16:17 of 1st period - Stopped by Adam Scheel without a rebound.
16:18 of 1st period - Aku Raty wins face-off versus Tye Kartye in MONTREAL AXION zone.
16:39 of 1st period - Shot by Oliver Wahlstrom.
16:39 of 1st period - Shot Misses the Net.
16:41 of 1st period - Shot by Oliver Wahlstrom.
16:41 of 1st period - Goal by Oliver Wahlstrom - MONTREAL AXION : 0 - QUEBEC NATIONAL : 3.
16:42 of 1st period - Samuel Helenius wins face-off versus Paul Cotter in neutral zone.
16:42 of 1st period - Mike Hardman is hit by Paul Cotter and loses puck.
16:49 of 1st period - Shot by Collin Graf.
16:49 of 1st period - Shot Misses the Net.
16:51 of 1st period - Shot by Collin Graf.
16:51 of 1st period - Stopped by Adam Scheel with a rebound.
16:55 of 1st period - Shot by Paul Cotter.
16:55 of 1st period - Shot Misses the Net.
16:57 of 1st period - Shot by Collin Graf.
16:57 of 1st period - Stopped by Adam Scheel with a rebound.
17:04 of 1st period - Minor Penalty to Paul Cotter for Hooking.
17:05 of 1st period - Samuel Fagemo wins face-off versus Luke Henman in QUEBEC NATIONAL zone.
17:16 of 1st period - Shot by Michael Carcone.
17:16 of 1st period - Stopped by Adam Scheel without a rebound.
17:17 of 1st period - Samuel Helenius wins face-off versus Samuel Fagemo in MONTREAL AXION zone.
17:30 of 1st period - Shot by Samuel Helenius.
17:30 of 1st period - Stopped by Yaroslav Askarov with a rebound.
17:46 of 1st period - Shot by Mike Hardman.
17:46 of 1st period - Stopped by Yaroslav Askarov without a rebound.
17:47 of 1st period - Michael Carcone wins face-off versus Luke Henman in QUEBEC NATIONAL zone.
18:09 of 1st period - Shot by Mathias Laferriere.
18:09 of 1st period - Shot Misses the Net.
19:23 of 1st period - Off-side.
19:24 of 1st period - Jalen Luypen wins face-off versus Tye Kartye in neutral zone.
19:32 of 1st period - Luke Henman is hit by Brayden Pachal and loses puck.
19:45 of 1st period - Shot by Luke Henman.
19:45 of 1st period - Shot Misses the Net.
19:50 of 1st period - Mathias Laferriere is hit by Troy Stecher and loses puck.
Goals for this period are 0 for MONTREAL AXION vs 3 for QUEBEC NATIONAL.
Shots for this period are 7 for MONTREAL AXION vs 14 for QUEBEC NATIONAL.
2nd period
0:01 of 2nd period - Paul Cotter wins face-off versus Samuel Helenius in neutral zone.
0:14 of 2nd period - Icing by Samuel Helenius.
0:15 of 2nd period - Samuel Helenius wins face-off versus Tye Kartye in MONTREAL AXION zone.
0:26 of 2nd period - Shot by Samuel Helenius.
0:26 of 2nd period - Shot Blocked by Oliver Wahlstrom.
0:28 of 2nd period - Shot by Mike Hardman.
0:28 of 2nd period - Stopped by Yaroslav Askarov without a rebound.
0:29 of 2nd period - Paul Cotter wins face-off versus Aku Raty in QUEBEC NATIONAL zone.
0:56 of 2nd period - Paul Cotter is hit by Mathias Laferriere and loses puck.
1:48 of 2nd period - Icing by Mike Hardman.
1:49 of 2nd period - Mike Hardman wins face-off versus Tye Kartye in MONTREAL AXION zone.
2:55 of 2nd period - Shot by Nils Lundkvist.
2:55 of 2nd period - Shot Misses the Net.
3:43 of 2nd period - Shot by Nolan Foote.
3:43 of 2nd period - Stopped by Yaroslav Askarov with a rebound.
3:54 of 2nd period - Icing by Isaak Phillips.
3:55 of 2nd period - Parker Bell wins face-off versus Tye Kartye in MONTREAL AXION zone.
4:35 of 2nd period - Shot by Luke Henman.
4:35 of 2nd period - Shot Misses the Net.
4:37 of 2nd period - Shot by Tyson Barrie.
4:37 of 2nd period - Stopped by Yaroslav Askarov without a rebound.
4:38 of 2nd period - Hunter McKown wins face-off versus Aku Raty in QUEBEC NATIONAL zone.
4:38 of 2nd period - Hunter McKown is hit by Mathias Laferriere.
4:41 of 2nd period - Icing by Nils Lundkvist.
4:42 of 2nd period - Hunter McKown wins face-off versus Aku Raty in QUEBEC NATIONAL zone.
5:01 of 2nd period - Shot by Samuel Fagemo.
5:01 of 2nd period - Deflect By Adam Beckman.
5:01 of 2nd period - Stopped by Adam Scheel without a rebound.
5:02 of 2nd period - Parker Bell wins face-off versus Paul Cotter in MONTREAL AXION zone.
5:02 of 2nd period - Parker Bell is hit by Paul Cotter.
5:15 of 2nd period - Shot by Michael Carcone.
5:15 of 2nd period - Shot Misses the Net.
5:17 of 2nd period - Shot by Ville Ottavainen.
5:17 of 2nd period - Stopped by Adam Scheel without a rebound.
5:18 of 2nd period - Samuel Helenius wins face-off versus Hunter McKown in MONTREAL AXION zone.
5:35 of 2nd period - Shot by Samuel Helenius.
5:35 of 2nd period - Stopped by Yaroslav Askarov with a rebound.
5:37 of 2nd period - Shot by Samuel Helenius.
5:37 of 2nd period - Stopped by Yaroslav Askarov without a rebound.
5:38 of 2nd period - Jalen Luypen wins face-off versus Paul Cotter in QUEBEC NATIONAL zone.
6:39 of 2nd period - Shot by Mike Hardman.
6:39 of 2nd period - Stopped by Yaroslav Askarov with a rebound.
6:41 of 2nd period - Shot by Tyson Barrie.
6:41 of 2nd period - Shot Blocked by Brayden Pachal.
6:51 of 2nd period - Shot by Samuel Helenius.
6:51 of 2nd period - Shot Misses the Net.
6:53 of 2nd period - Shot by Tyson Barrie.
6:53 of 2nd period - Shot Misses the Net.
6:55 of 2nd period - Shot by Tyson Barrie.
6:55 of 2nd period - Stopped by Yaroslav Askarov without a rebound.
6:56 of 2nd period - Parker Bell wins face-off versus Samuel Fagemo in QUEBEC NATIONAL zone.
6:56 of 2nd period - Parker Bell is hit by Nils Lundkvist.
7:24 of 2nd period - Shot by Samuel Fagemo.
7:24 of 2nd period - Shot Hit the Post.
7:34 of 2nd period - Shot by Adam Beckman.
7:34 of 2nd period - Shot Blocked by Matthew Kessel.
7:48 of 2nd period - Shot by Collin Graf.
7:48 of 2nd period - Stopped by Adam Scheel with a rebound.
7:55 of 2nd period - Collin Graf is hit by Matthew Kessel and loses puck.
7:59 of 2nd period - Paul Cotter is hit by Matthew Kessel and loses puck.
8:00 of 2nd period - Minor Penalty to Isaak Phillips for High sticking.
8:01 of 2nd period - Jalen Luypen wins face-off versus Tye Kartye in MONTREAL AXION zone.
8:01 of 2nd period - Jalen Luypen is hit by Tye Kartye.
8:07 of 2nd period - Samuel Helenius is hit by Tye Kartye and loses puck.
8:16 of 2nd period - Shot by Tye Kartye.
8:16 of 2nd period - Shot Misses the Net.
8:18 of 2nd period - Shot by Brayden Pachal.
8:18 of 2nd period - Goal by Brayden Pachal - MONTREAL AXION : 0 - QUEBEC NATIONAL : 4.
8:18 of 2nd period - Damian Clara enters game.
8:19 of 2nd period - Mathias Laferriere wins face-off versus Paul Cotter in neutral zone.
8:25 of 2nd period - Icing by Paul Cotter.
8:26 of 2nd period - Aku Raty wins face-off versus Paul Cotter in QUEBEC NATIONAL zone.
9:10 of 2nd period - Icing by Tyson Barrie.
9:11 of 2nd period - Tye Kartye wins face-off versus Aku Raty in MONTREAL AXION zone.
9:12 of 2nd period - Shot by Oliver Wahlstrom.
9:12 of 2nd period - Stopped by Damian Clara with a rebound.
9:14 of 2nd period - Shot by Tye Kartye.
9:14 of 2nd period - Shot Blocked by Cavan Fitzgerald.
9:16 of 2nd period - Shot by Troy Stecher.
9:16 of 2nd period - Stopped by Damian Clara without a rebound.
9:17 of 2nd period - Mike Hardman wins face-off versus Tye Kartye in MONTREAL AXION zone.
9:45 of 2nd period - Shot by Samuel Helenius.
9:45 of 2nd period - Shot Misses the Net.
10:26 of 2nd period - Icing by Nils Lundkvist.
10:27 of 2nd period - Hunter McKown wins face-off versus Parker Bell in QUEBEC NATIONAL zone.
10:35 of 2nd period - Icing by Cavan Fitzgerald.
10:36 of 2nd period - Parker Bell wins face-off versus Paul Cotter in MONTREAL AXION zone.
10:36 of 2nd period - Mike Hardman is hit by Paul Cotter and loses puck.
10:55 of 2nd period - Shot by Mike Hardman.
10:55 of 2nd period - Stopped by Yaroslav Askarov without a rebound.
10:56 of 2nd period - Tye Kartye wins face-off versus Aku Raty in QUEBEC NATIONAL zone.
11:23 of 2nd period - Shot by Oliver Wahlstrom.
11:23 of 2nd period - Stopped by Damian Clara without a rebound.
11:24 of 2nd period - Paul Cotter wins face-off versus Parker Bell in MONTREAL AXION zone.
11:31 of 2nd period - Shot by Collin Graf.
11:31 of 2nd period - Shot Misses the Net.
11:33 of 2nd period - Shot by Collin Graf.
11:33 of 2nd period - Stopped by Damian Clara without a rebound.
11:34 of 2nd period - Samuel Helenius wins face-off versus Hunter McKown in MONTREAL AXION zone.
12:25 of 2nd period - Shot by Mathias Laferriere.
12:25 of 2nd period - Stopped by Yaroslav Askarov without a rebound.
12:26 of 2nd period - Paul Cotter wins face-off versus Jalen Luypen in QUEBEC NATIONAL zone.
12:56 of 2nd period - Shot by Collin Graf.
12:56 of 2nd period - Stopped by Damian Clara with a rebound.
13:10 of 2nd period - Icing by Jalen Luypen.
13:11 of 2nd period - Tye Kartye wins face-off versus Jalen Luypen in MONTREAL AXION zone.
13:15 of 2nd period - Icing by Aaron Ness.
13:16 of 2nd period - Jalen Luypen wins face-off versus Tye Kartye in MONTREAL AXION zone.
13:31 of 2nd period - Mike Hardman is hit by Tye Kartye and loses puck.
13:44 of 2nd period - Shot by Mike Hardman.
13:44 of 2nd period - Deflect By Samuel Helenius.
13:44 of 2nd period - Stopped by Yaroslav Askarov without a rebound.
13:45 of 2nd period - Reid Schaefer wins face-off versus Collin Graf in QUEBEC NATIONAL zone.
14:46 of 2nd period - Shot by Jalen Luypen.
14:46 of 2nd period - Shot Misses the Net.
14:48 of 2nd period - Shot by Tyson Barrie.
14:48 of 2nd period - Shot Misses the Net.
14:54 of 2nd period - Shot by Mathias Laferriere.
14:54 of 2nd period - Stopped by Yaroslav Askarov with a rebound.
14:56 of 2nd period - Shot by Cavan Fitzgerald.
14:56 of 2nd period - Shot Misses the Net.
14:59 of 2nd period - Jalen Luypen is hit by Brayden Pachal and loses puck.
15:27 of 2nd period - Adam Beckman is hit by Samuel Helenius and loses puck.
15:32 of 2nd period - Shot by Samuel Helenius.
15:32 of 2nd period - Shot Blocked by Brayden Pachal.
15:49 of 2nd period - Shot by Mike Hardman.
15:49 of 2nd period - Stopped by Yaroslav Askarov without a rebound.
15:50 of 2nd period - Jalen Luypen wins face-off versus Tye Kartye in QUEBEC NATIONAL zone.
16:07 of 2nd period - Shot by Tye Kartye.
16:07 of 2nd period - Deflect By William Stromgren.
16:07 of 2nd period - Shot Misses the Net.
16:13 of 2nd period - Shot by Luke Henman.
16:13 of 2nd period - Shot Blocked by Jack Thompson.
16:15 of 2nd period - Shot by Alexander Petrovic.
16:15 of 2nd period - Shot Misses the Net.
16:19 of 2nd period - Shot by Mathias Laferriere.
16:19 of 2nd period - Shot Misses the Net.
16:49 of 2nd period - Shot by Reid Schaefer.
16:49 of 2nd period - Stopped by Yaroslav Askarov without a rebound.
16:50 of 2nd period - Collin Graf wins face-off versus Samuel Helenius in QUEBEC NATIONAL zone.
16:50 of 2nd period - Collin Graf is hit by Samuel Helenius.
16:55 of 2nd period - Collin Graf is hit by Isaak Phillips and loses puck.
17:02 of 2nd period - Mike Hardman is hit by Paul Cotter and loses puck.
17:06 of 2nd period - Icing by Matthew Kessel.
17:07 of 2nd period - Paul Cotter wins face-off versus Samuel Helenius in MONTREAL AXION zone.
17:22 of 2nd period - Shot by Paul Cotter.
17:22 of 2nd period - Stopped by Damian Clara with a rebound.
17:24 of 2nd period - Shot by Collin Graf.
17:24 of 2nd period - Stopped by Damian Clara without a rebound.
17:25 of 2nd period - Tye Kartye wins face-off versus Jalen Luypen in MONTREAL AXION zone.
17:34 of 2nd period - Icing by Cavan Fitzgerald.
17:35 of 2nd period - Jalen Luypen wins face-off versus Hunter McKown in MONTREAL AXION zone.
17:42 of 2nd period - Shot by Mathias Laferriere.
17:42 of 2nd period - Stopped by Yaroslav Askarov without a rebound.
17:43 of 2nd period - Samuel Helenius wins face-off versus Tye Kartye in QUEBEC NATIONAL zone.
17:43 of 2nd period - Samuel Helenius is hit by Ville Ottavainen.
17:47 of 2nd period - Shot by Reid Schaefer.
17:47 of 2nd period - Shot Misses the Net.
18:03 of 2nd period - Minor Penalty to Ville Ottavainen for Goalie Interference.
18:04 of 2nd period - Paul Cotter wins face-off versus Luke Henman in QUEBEC NATIONAL zone.
18:15 of 2nd period - Off-side.
18:16 of 2nd period - Paul Cotter wins face-off versus Luke Henman in neutral zone.
18:57 of 2nd period - Collin Graf is hit by Alexander Petrovic and loses puck.
19:46 of 2nd period - Shot by Tyson Barrie.
19:46 of 2nd period - Shot Misses the Net.
19:48 of 2nd period - Shot by Tyson Barrie.
19:48 of 2nd period - Shot Misses the Net.
Goals for this period are 0 for MONTREAL AXION vs 1 for QUEBEC NATIONAL.
Shots for this period are 14 for MONTREAL AXION vs 11 for QUEBEC NATIONAL.
3rd period
0:01 of 3rd period - Samuel Helenius wins face-off versus Paul Cotter in neutral zone.
0:23 of 3rd period - Ville Ottavainen is hit by Alexander Petrovic and loses puck.
0:33 of 3rd period - Minor Penalty to Aaron Ness for Roughing.
0:34 of 3rd period - Paul Cotter wins face-off versus Jalen Luypen in MONTREAL AXION zone.
0:35 of 3rd period - Shot by Michael Carcone.
0:35 of 3rd period - Shot Misses the Net.
0:37 of 3rd period - Shot by Brayden Pachal.
0:37 of 3rd period - Stopped by Damian Clara without a rebound.
0:38 of 3rd period - Collin Graf wins face-off versus Jalen Luypen in MONTREAL AXION zone.
1:06 of 3rd period - Shot by Collin Graf.
1:06 of 3rd period - Stopped by Damian Clara with a rebound.
1:25 of 3rd period - Minor Penalty to Tye Kartye for Cross-checking.
1:26 of 3rd period - Mike Hardman wins face-off versus Paul Cotter in QUEBEC NATIONAL zone.
1:29 of 3rd period - Shot by Mathias Laferriere.
1:29 of 3rd period - Deflect By Mike Hardman.
1:29 of 3rd period - Stopped by Yaroslav Askarov with a rebound.
1:31 of 3rd period - Shot by Cavan Fitzgerald.
1:31 of 3rd period - Shot Blocked by Ville Ottavainen.
1:35 of 3rd period - Shot by Mike Hardman.
1:35 of 3rd period - Goal by Mike Hardman - MONTREAL AXION : 1 - QUEBEC NATIONAL : 4.
1:36 of 3rd period - Mathias Laferriere wins face-off versus Michael Carcone in neutral zone.
1:39 of 3rd period - Shot by Tyson Barrie.
1:39 of 3rd period - Shot Blocked by Jack Thompson.
2:51 of 3rd period - Off-side.
2:52 of 3rd period - Paul Cotter wins face-off versus Samuel Helenius in neutral zone.
3:18 of 3rd period - Icing by Matthew Kessel.
3:19 of 3rd period - Michael Carcone wins face-off versus Samuel Helenius in MONTREAL AXION zone.
3:47 of 3rd period - Shot by Aku Raty.
3:47 of 3rd period - Shot Hit the Post.
4:01 of 3rd period - Shot by Adam Beckman.
4:01 of 3rd period - Stopped by Damian Clara without a rebound.
4:02 of 3rd period - Parker Bell wins face-off versus Tye Kartye in MONTREAL AXION zone.
4:02 of 3rd period - Parker Bell is hit by Tye Kartye.
4:11 of 3rd period - Minor Penalty to Ville Ottavainen for Slashing.
4:12 of 3rd period - Samuel Helenius wins face-off versus Paul Cotter in QUEBEC NATIONAL zone.
4:22 of 3rd period - Icing by Mike Hardman.
4:23 of 3rd period - Reid Schaefer wins face-off versus Paul Cotter in MONTREAL AXION zone.
4:38 of 3rd period - Shot by Samuel Helenius.
4:38 of 3rd period - Stopped by Yaroslav Askarov without a rebound.
4:39 of 3rd period - Luke Henman wins face-off versus Michael Carcone in QUEBEC NATIONAL zone.
4:55 of 3rd period - Icing by Matthew Kessel.
4:56 of 3rd period - Luke Henman wins face-off versus Paul Cotter in MONTREAL AXION zone.
4:56 of 3rd period - Luke Henman is hit by Paul Cotter.
5:37 of 3rd period - Mike Hardman is hit by Oliver Wahlstrom and loses puck.
6:19 of 3rd period - Minor Penalty to Jack Matier for Delaying the game.
6:20 of 3rd period - Jalen Luypen wins face-off versus Paul Cotter in MONTREAL AXION zone.
6:33 of 3rd period - Shot by Collin Graf.
6:33 of 3rd period - Stopped by Damian Clara with a rebound.
6:37 of 3rd period - Shot by Collin Graf.
6:37 of 3rd period - Stopped by Damian Clara with a rebound.
7:11 of 3rd period - Icing by Collin Graf.
7:12 of 3rd period - Adam Beckman wins face-off versus Mathias Laferriere in QUEBEC NATIONAL zone.
7:36 of 3rd period - Shot by Ville Ottavainen.
7:36 of 3rd period - Shot Blocked by Matthew Kessel.
7:42 of 3rd period - Shot by Tye Kartye.
7:42 of 3rd period - Stopped by Damian Clara with a rebound.
7:44 of 3rd period - Shot by Jack Thompson.
7:44 of 3rd period - Stopped by Damian Clara without a rebound.
7:45 of 3rd period - Tye Kartye wins face-off versus Jalen Luypen in MONTREAL AXION zone.
7:50 of 3rd period - Shot by Oliver Wahlstrom.
7:50 of 3rd period - Shot Misses the Net.
7:52 of 3rd period - Shot by Ville Ottavainen.
7:52 of 3rd period - Shot Misses the Net.
7:54 of 3rd period - Shot by Ville Ottavainen.
7:54 of 3rd period - Stopped by Damian Clara with a rebound.
8:23 of 3rd period - Icing by Isaak Phillips.
8:24 of 3rd period - Paul Cotter wins face-off versus Parker Bell in MONTREAL AXION zone.
8:24 of 3rd period - Paul Cotter is hit by Matthew Kessel.
8:28 of 3rd period - Shot by Paul Cotter.
8:28 of 3rd period - Shot Misses the Net.
8:42 of 3rd period - Shot by Collin Graf.
8:42 of 3rd period - Shot Misses the Net.
8:48 of 3rd period - Shot by Collin Graf.
8:48 of 3rd period - Shot Misses the Net.
8:50 of 3rd period - Shot by Collin Graf.
8:50 of 3rd period - Deflect By Paul Cotter.
8:50 of 3rd period - Stopped by Damian Clara without a rebound.
8:51 of 3rd period - Hunter McKown wins face-off versus Aku Raty in MONTREAL AXION zone.
9:10 of 3rd period - Shot by Mathias Laferriere.
9:10 of 3rd period - Deflect By Jalen Luypen.
9:10 of 3rd period - Shot Blocked by Brayden Pachal.
9:12 of 3rd period - Shot by Alexander Petrovic.
9:12 of 3rd period - Shot Misses the Net.
9:14 of 3rd period - Shot by Aaron Ness.
9:14 of 3rd period - Stopped by Yaroslav Askarov without a rebound.
9:15 of 3rd period - Mathias Laferriere wins face-off versus Paul Cotter in QUEBEC NATIONAL zone.
9:16 of 3rd period - Shot by Jalen Luypen.
9:16 of 3rd period - Shot Blocked by Paul Cotter.
9:27 of 3rd period - Shot by Collin Graf.
9:27 of 3rd period - Stopped by Damian Clara with a rebound.
9:33 of 3rd period - Shot by Paul Cotter.
9:33 of 3rd period - Stopped by Damian Clara with a rebound.
11:02 of 3rd period - Oliver Wahlstrom is hit by Alexander Petrovic and loses puck.
11:10 of 3rd period - Tye Kartye is hit by Alexander Petrovic.
11:35 of 3rd period - Shot by Samuel Fagemo.
11:35 of 3rd period - Stopped by Damian Clara with a rebound.
11:49 of 3rd period - Shot by Samuel Fagemo.
11:49 of 3rd period - Shot Misses the Net.
12:12 of 3rd period - Shot by Samuel Helenius.
12:12 of 3rd period - Shot Blocked by Jack Thompson.
12:14 of 3rd period - Shot by Mike Hardman.
12:14 of 3rd period - Shot Hit the Post.
12:18 of 3rd period - Shot by Reid Schaefer.
12:18 of 3rd period - Stopped by Yaroslav Askarov without a rebound.
12:19 of 3rd period - Parker Bell wins face-off versus Collin Graf in QUEBEC NATIONAL zone.
12:42 of 3rd period - Shot by Parker Bell.
12:42 of 3rd period - Stopped by Yaroslav Askarov with a rebound.
12:47 of 3rd period - Icing by Brayden Pachal.
12:48 of 3rd period - Collin Graf wins face-off versus Jalen Luypen in QUEBEC NATIONAL zone.
13:06 of 3rd period - Shot by Mathias Laferriere.
13:06 of 3rd period - Stopped by Yaroslav Askarov without a rebound.
13:07 of 3rd period - Samuel Helenius wins face-off versus Tye Kartye in QUEBEC NATIONAL zone.
13:16 of 3rd period - Shot by Samuel Helenius.
13:16 of 3rd period - Shot Misses the Net.
13:22 of 3rd period - Shot by Mike Hardman.
13:22 of 3rd period - Shot Misses the Net.
13:26 of 3rd period - Shot by Mike Hardman.
13:26 of 3rd period - Shot Misses the Net.
13:28 of 3rd period - Shot by Samuel Helenius.
13:28 of 3rd period - Shot Misses the Net.
13:30 of 3rd period - Shot by Mike Hardman.
13:30 of 3rd period - Shot Misses the Net.
13:32 of 3rd period - Shot by Tyson Barrie.
13:32 of 3rd period - Stopped by Yaroslav Askarov without a rebound.
13:33 of 3rd period - Aku Raty wins face-off versus Hunter McKown in QUEBEC NATIONAL zone.
13:38 of 3rd period - Shot by Mathias Laferriere.
13:38 of 3rd period - Stopped by Yaroslav Askarov without a rebound.
13:39 of 3rd period - Aku Raty wins face-off versus Hunter McKown in QUEBEC NATIONAL zone.
13:42 of 3rd period - Shot by Jalen Luypen.
13:42 of 3rd period - Shot Misses the Net.
13:47 of 3rd period - Ville Ottavainen is hit by Alexander Petrovic.
13:53 of 3rd period - Shot by Samuel Fagemo.
13:53 of 3rd period - Stopped by Damian Clara with a rebound.
14:29 of 3rd period - Off-side.
14:30 of 3rd period - Tye Kartye wins face-off versus Reid Schaefer in neutral zone.
14:46 of 3rd period - Minor Penalty to Brayden Pachal for Hooking.
14:47 of 3rd period - Samuel Helenius wins face-off versus Paul Cotter in QUEBEC NATIONAL zone.
16:06 of 3rd period - Troy Stecher is hit by Reid Schaefer.
16:10 of 3rd period - Samuel Helenius is hit by Oliver Wahlstrom and loses puck.
16:42 of 3rd period - Shot by Paul Cotter.
16:42 of 3rd period - Shot Blocked by Mike Hardman.
16:55 of 3rd period - Shot by Mathias Laferriere.
16:55 of 3rd period - Deflect By Aku Raty.
16:55 of 3rd period - Shot Misses the Net.
16:57 of 3rd period - Shot by Isaak Phillips.
16:57 of 3rd period - Stopped by Yaroslav Askarov with a rebound.
16:59 of 3rd period - Shot by Isaak Phillips.
16:59 of 3rd period - Shot Misses the Net.
17:01 of 3rd period - Shot by Matthew Kessel.
17:01 of 3rd period - Stopped by Yaroslav Askarov without a rebound.
17:02 of 3rd period - Hunter McKown wins face-off versus Jalen Luypen in QUEBEC NATIONAL zone.
17:02 of 3rd period - Hunter McKown is hit by Mathias Laferriere.
17:47 of 3rd period - Minor Penalty to Max McCue for Hooking.
17:48 of 3rd period - Luke Henman wins face-off versus Tye Kartye in MONTREAL AXION zone.
18:05 of 3rd period - Shot by Tye Kartye.
18:05 of 3rd period - Stopped by Damian Clara without a rebound.
18:06 of 3rd period - Luke Henman wins face-off versus Paul Cotter in MONTREAL AXION zone.
18:06 of 3rd period - Luke Henman is hit by Paul Cotter.
19:05 of 3rd period - Shot by Oliver Wahlstrom.
19:05 of 3rd period - Deflect By Tye Kartye.
19:05 of 3rd period - Shot Misses the Net.
19:07 of 3rd period - Shot by Oliver Wahlstrom.
19:07 of 3rd period - Deflect By Tye Kartye.
19:07 of 3rd period - Stopped by Damian Clara with a rebound.
19:09 of 3rd period - Shot by Tye Kartye.
19:09 of 3rd period - Stopped by Damian Clara with a rebound.
19:11 of 3rd period - Shot by Jack Thompson.
19:11 of 3rd period - Shot Misses the Net.
19:13 of 3rd period - Shot by Jack Thompson.
19:13 of 3rd period - Shot Misses the Net.
19:15 of 3rd period - Shot by Jack Thompson.
19:15 of 3rd period - Shot Misses the Net.
Goals for this period are 1 for MONTREAL AXION vs 0 for QUEBEC NATIONAL.
Shots for this period are 11 for MONTREAL AXION vs 16 for QUEBEC NATIONAL.
Back to the Top